 Dungeon Crawl Stone Soup version 0.18.1-50-g88ac8fd (webtiles) character file.

1136 nikopol the Chopper (level 8, -13/71 HPs)
             Began as a Hill Orc Berserker on Oct 22, 2016.
             Was a Priest of Trog.
             Mangled by varam's ghost (15 damage)
             ... on level 7 of the Dungeon.
             The game lasted 00:17:02 (6134 turns).

nikopol the Chopper (Hill Orc Berserker)            Turns: 6134, Time: 00:17:03

Health: -13/71     AC: 14    Str: 20    XL:     8   Next: 36%
Magic:  7/8        EV:  9    Int:  7    God:    Trog [***...]
Gold:   352        SH:  0    Dex: 12    Spells: 0 memorised, 7 levels left

rFire  . . .     SeeInvis .     a - +0 war axe
rCold  + . .     Gourm    .     A - +3 chain mail {rC+}
rNeg   + . .     Faith    .     (no shield)
rPois  .         Spirit   .     (no helmet)
rElec  .         Dismiss  .     I - +0 cloak
rCorr  .         Reflect  .     (no gloves)
SustAt .         Harm     .     (no boots)
MR     ++...                    (no amulet)
Stlth  ..........               (no ring)
                                m - ring of positive energy

@: lethally poisoned (-13 -> -13), exhausted, regenerating, slowed, very slow,
very resistant to hostile enchantments, extremely unstealthy
A: no striking features
a: Berserk, Trog's Hand, Burn Spellbooks, Renounce Religion


You were on level 7 of the Dungeon.
You worshipped Trog.
Trog was most pleased with you.
You were near starving.

You visited 1 branch of the dungeon, and saw 7 of its levels.

You collected 352 gold pieces.

Inventory:

Hand Weapons
 a - a +0 war axe (weapon)
 r - a +0 hand axe
 z - a +0 shortbow
Missiles
 k - 194 arrows (quivered)
Armour
 b - a +0 animal skin
 s - a +0 ring mail
 A - a +3 chain mail of cold resistance (worn)
 I - a +0 cloak (worn)
Jewellery
 m - a ring of positive energy (left hand)
 u - an uncursed amulet of faith {unknown}
 y - a +3 ring of dexterity {unknown}
Wands
 n - a wand of polymorph (11/24)
 x - a wand of digging (14/24)
 F - a wand of iceblast (6/15)
 L - a wand of flame (30/48)
Scrolls
 e - 3 scrolls of random uselessness {unknown}
 g - 3 scrolls of fog {unknown}
 h - 6 scrolls of identify {unknown}
 j - a scroll of fear {unknown}
 l - 2 scrolls of teleportation {unknown}
 p - 3 scrolls of remove curse {unknown}
 q - 2 scrolls of magic mapping {unknown}
 v - a scroll of enchant weapon {unknown}
 w - 3 scrolls of enchant armour {unknown}
 B - 2 scrolls of immolation {unknown}
 D - 2 scrolls of amnesia {unknown}
Potions
 d - 4 potions of might {unknown}
 f - 4 potions of flight {unknown}
 o - 3 potions of haste {unknown}
 t - a potion of degeneration {unknown}
 E - a potion of cure mutation {unknown}
 G - 2 potions of brilliance {unknown}
 H - a potion of heal wounds {unknown}
Comestibles
 c - 6 bread rations
 i - 5 meat rations
 C - 2 beef jerkies
 J - a slice of pizza


   Skills:
 + Level 6.7 Fighting
 * Level 7.1 Axes
 * Level 1.0 Bows
 + Level 6.0 Armour
 + Level 4.0 Dodging


You had 7 spell levels left.
You didn't know any spells.

Dungeon Overview and Level Annotations

Branches:
Dungeon (7/15)             Temple (0/1) D:6

Altars:
Cheibriados
Elyvilon
Gozag
Okawaru
Sif Muna
Trog
Vehumet
Xom
Yredelemnul

Shops:
D:5 :

Annotations:
D:7 varam's ghost, novice MiHu


Message History

You feel sick. Varam's ghost hits you. x2
* * * LOW HITPOINT WARNING * * *
You hit varam's ghost but do no damage.
Varam's ghost is almost destroyed.
You feel sick.
Varam's ghost hits you but does no damage.
Varam's ghost hits you!
* * * LOW HITPOINT WARNING * * *
Varam's ghost burns you.
* * * LOW HITPOINT WARNING * * *
You slash varam's ghost!
Varam's ghost is almost destroyed.
You feel sick. Varam's ghost hits you.
* * * LOW HITPOINT WARNING * * *
Varam's ghost freezes you.
* * * LOW HITPOINT WARNING * * *
Varam's ghost shouts, "They lied to you.
The Dungeon just goes down and down forever."
Varam's ghost hits you but does no damage.
You are electrocuted!
You die...

## .# ###.# #<#.#
# #.#.#
#..####.#.######
#....W@.........
.......##.#.######
.....$. #.....
....... ###...#
...(... .(.#
(.(.... ....#
.###### #####


You could see varam's ghost.

Vanquished Creatures
  An ogre (D:5)
  A centaur (D:6)
  2 scorpions
  4 wights (D:7)
  3 crimson imps
  A jelly (D:5)
  2 orc priests (D:3)
  A centaur skeleton (D:5)
  An orc wizard (D:3)
  A giant frog skeleton (D:4)
  Ijyb (D:4)
  Terence (D:3)
  4 worker ants (D:4)
  3 iguanas
  A worker ant zombie (D:5)
  8 adders
  A shadow imp (D:5)
  3 oozes
  2 adder skeletons
  A worm (D:4)
  3 dart slugs
  4 giant geckos
  7 orcs
  3 ball pythons
  7 bats
  5 giant cockroaches
  14 goblins
  6 hobgoblins
  3 jackals (D:1)
  5 kobolds
  2 quokkas
  A giant gecko skeleton (D:6)
  3 giant newts
  A jackal zombie (D:5)
  10 rats
116 creatures vanquished.

Vanquished Creatures (others)
  A giant frog (D:6)
1 creature vanquished.

Grand Total: 117 creatures vanquished

Notes
Turn   | Place    | Note
--------------------------------------------------------------
     0 | D:1      | nikopol the Hill Orc Berserker began the quest for the Orb.
     0 | D:1      | Reached XP level 1. HP: 19/19 MP: 1/1
   358 | D:1      | Reached XP level 2. HP: 27/27 MP: 2/2
   926 | D:1      | Reached ** piety under Trog
   926 | D:1      | Reached XP level 3. HP: 27/33 MP: 3/3
  1721 | D:2      | Reached XP level 4. HP: 20/40 MP: 4/4
  1875 | D:2      | Found a white marble altar of Elyvilon.
  1999 | D:2      | Found a deep blue altar of Sif Muna.
  2729 | D:2      | Found an opulent altar of Gozag.
  2729 | D:2      | Found a bloodstained altar of Trog.
  2937 | D:3      | Reached XP level 5. HP: 43/47 MP: 5/5
  2982 | D:3      | Reached skill level 5 in Axes
  2994 | D:3      | Reached skill level 5 in Fighting
  3363 | D:3      | Reached XP level 6. HP: 56/56 MP: 6/6
  3463 | D:3      | Reached *** piety under Trog
  3610 | D:3      | Found a shimmering altar of Xom.
  3638 | D:3      | Noticed Terence
  3644 | D:3      | Killed Terence
  3831 | D:4      | Found a basalt altar of Yredelemnul.
  4033 | D:4      | Found an iron altar of Okawaru.
  4164 | D:4      | Reached XP level 7. HP: 59/61 MP: 7/7
  4344 | D:4      | Reached skill level 6 in Axes
  4395 | D:4      | Noticed Ijyb
  4407 | D:4      | Killed Ijyb
  4572 | D:5      | Entered Level 5 of the Dungeon
  4733 | D:5      | Reached skill level 5 in Armour
  4870 | D:5      | Found Bot Omnu's Book Shop.
  5380 | D:6      | Found a radiant altar of Vehumet.
  5673 | D:6      | Reached XP level 8. HP: 58/71 MP: 8/8
  5688 | D:6      | Reached skill level 7 in Axes
  5892 | D:6      | Found a snail-covered altar of Cheibriados.
  5987 | D:6      | Found a staircase to the Ecumenical Temple.
  6082 | D:7      | Noticed varam's ghost (novice MiHu)
  6111 | D:7      | Reached skill level 1 in Bows
  6129 | D:7      | HP: 2/71 [varam's ghost (10)]
  6134 | D:7      | HP: 3/71 [varam's ghost (5)]
  6134 | D:7      | Mangled by varam's ghost

Skill      XL: |  1  2  3  4  5  6  7  8 |
---------------+-------------------------+-----
Fighting       | 4 5 6 |  6.7
Armour         | 3 4 5 6 |  6.0
Dodging        | 2 3 4 |  4.0
Axes           | 5 6 7 |  7.1
Bows           | 1 |  1.0

Action                   |  1- 3 |  4- 6 |  7- 9 || total
-------------------------+-------+-------+-------++-------
Melee: Hand axe          |   105 |    59 |       ||   164
       War axe           |       |    72 |   152 ||   224
 Fire: Shortbow          |       |       |    10 ||    10
Invok: Berserk           |       |     2 |     2 ||     4
       Trog's Hand       |       |       |     1 ||     1
 Stab: Sleeping          |     2 |     1 |       ||     3
  Eat: Chunk             |     3 |     5 |     7 ||    15
       Bread ration      |       |     1 |       ||     1
Armor: Animal skin       |    17 |    17 |       ||    34
       Ring mail         |       |    16 |       ||    16
       Chain mail        |       |    20 |    73 ||    93
Dodge: Dodged            |    72 |   102 |    74 ||   248
